[Event "Team 45 45 League T81"]
[Site "Internet Chess Club"]
[Date "2019.07.06"]
[Round "2"]
[White "trener"]
[Black "Otelo"]
[Result "1-0"]
[WhiteElo "1743"]
[BlackElo "1649"]
[Opening "Sicilian: Alapin's variation (2.c3)"]
[ECO "B22"]
[Time "22:00:34"]
[TimeControl "2700+45"]

1. e4 c5 2. c3 Nf6 3. e5 Nd5 4. d4 cxd4 5. Nf3 Nc6 6. cxd4 d6 7. Bc4 Nb6 8. Bd3
dxe5 9. dxe5 Bg4 10. O-O Nxe5 11. Nxe5 Bxd1 12. Bb5+ Nd7 13. Bxd7+ Qxd7 14. Nxd7
Kxd7 15. Rxd1+ {Black resigns} 1-0

[Event "Team 45 45 League T81"]
[Site "Internet Chess Club"]
[Date "2019.07.05"]
[Round "2"]
[White "Beddathanme"]
[Black "MacroPawn"]
[Result "0-1"]
[WhiteElo "1738"]
[BlackElo "1709"]
[Opening "Queen's pawn"]
[ECO "A40"]
[Time "14:01:04"]
[TimeControl "2700+45"]

1. d4 e6 2. Nf3 g6 3. e3 Nf6 4. Bd3 d5 5. O-O Nbd7 6. Nbd2 c5 7. b3 Bg7 8. Bb2
Qc7 9. Ne5 cxd4 10. exd4 O-O 11. f4 a6 12. Rf3 b5 13. Rh3 b4 14. Qe2 Rd8 15. g4
Nf8 16. Rf1 Ne8 17. Qf2 f6 18. Nef3 Qxf4 19. Qh4 Qc7 20. g5 f5 21. Ne5 Nd6 22.
Rf2 Bb7 23. Bc1 Bxe5 24. dxe5 Ne4 25. Nxe4 dxe4 26. Bc4 Rd1+ 27. Rf1 Rxf1+ 28.
Kxf1 Bd5 29. Bxd5 exd5 30. Qf2 Rc8 31. c3 Ne6 32. Qh4 bxc3 33. Ba3 c2 {White
resigns} 0-1

[Event "Team 45 45 League T81"]
[Site "Internet Chess Club"]
[Date "2019.07.06"]
[Round "2"]
[White "PJ"]
[Black "sergerich191"]
[Result "0-1"]
[WhiteElo "1591"]
[BlackElo "1754"]
[Opening "Caro-Kann: advance variation"]
[ECO "B12"]
[Time "14:01:06"]
[TimeControl "2700+45"]

1. e4 c6 2. d4 d5 3. e5 c5 4. c3 e6 5. f4 cxd4 6. cxd4 Ne7 7. Nf3 Nf5 8. Bd3 g6
9. Bxf5 gxf5 10. O-O Qb6 11. a4 Nc6 12. Na3 a6 13. Nc2 h6 14. Rf2 Bd7 15. Ne3
Rg8 16. Rd2 O-O-O 17. Rc2 Kb8 18. Rb1 Qb3 19. Rc3 Qxd1+ 20. Nxd1 Na7 21. b3 Bb4
22. Rc2 Rc8 23. Rxc8+ Rxc8 24. Ne3 b5 25. Kf2 bxa4 26. bxa4 a5 27. Bd2 Nc6 28.
Nc2 Ka8 29. Nxb4 Nxb4 30. Bxb4 Rb8 31. Rb2 axb4 32. Nd2 Rb7 33. Nb3 Bxa4 34. Nc5
Ra7 35. Rxb4 Bc2 36. Rb2 Be4 37. g3 Ra5 38. Nb7 Ra6 39. Nd6 Ra7 40. h4 Rc7 41.
Ra2+ Kb8 42. Rb2+ Ka8 43. Ne8 Rc4 44. Ra2+ Kb8 45. Rb2+ Ka8 46. Nd6 Rxd4 47.
Nxf7 Rd3 48. Nd8 Rf3+ 49. Ke1 Rxg3 50. Nc6 Rg8 51. Rb6 Re8 52. Nd4 Rg8 53. Nc6
Re8 54. Nd4 Rg8 55. Nxe6 Rg4 56. Rd6 Rxh4 57. Nd4 Rxf4 58. e6 Bd3 59. Rxd5 Bc4
60. Ra5+ Kb7 61. Re5 Rxd4 62. e7 Bf7 63. e8=Q Bxe8 64. Rxe8 Re4+ 65. Rxe4 fxe4
66. Ke2 Kc6 {White resigns} 0-1

[Event "Team 45 45 League T81"]
[Site "Internet Chess Club"]
[Date "2019.07.07"]
[Round "2"]
[White "mongmong"]
[Black "nathanpillay"]
[Result "0-1"]
[WhiteElo "1558"]
[BlackElo "1755"]
[Opening "Dutch"]
[ECO "A80"]
[Time "10:00:41"]
[TimeControl "2700+45"]

1. d4 f5 2. Nf3 Nf6 3. g3 g6 4. Bg2 Bg7 5. O-O O-O 6. b3 d6 7. Bb2 Qe8 8. c4 c6
9. Qc2 Ne4 10. Nbd2 Nxd2 11. Qxd2 e5 12. dxe5 dxe5 13. e3 Nd7 14. Rad1 Nc5 15.
Ba3 Ne4 16. Qc2 Rf7 17. Nd2 Nxd2 18. Rxd2 Be6 19. Bb2 f4 20. exf4 exf4 21. Bxg7
Kxg7 22. Qc3+ Kg8 23. Re1 fxg3 24. fxg3 Qc8 25. Rf2 Rxf2 26. Kxf2 Qd7 27. Kg1
Rf8 28. Qe3 Bg4 29. c5 Rd8 30. Bf3 Bxf3 31. Qxf3 Qd4+ 32. Qf2 Qxf2+ 33. Kxf2 Kf7
34. b4 Rd4 35. a3 Rd3 36. Re3 Rd2+ 37. Re2 Rd1 38. Ke3 Ra1 39. Rf2+ Ke6 40. Rd2
Rxa3+ 41. Kf4 Ra4 42. Rd6+ Ke7 43. Kg5 Rxb4 44. Kh6 a5 45. Kxh7 g5 46. Kg6 g4
47. Rf6 a4 48. Rf1 a3 49. Ra1 Ra4 50. Kf5 a2 51. Ke5 Kd7 52. Rd1+ Kc7 53. Ra1 b5
54. cxb6+ Kxb6 55. Kd6 Kb5 56. Ke5 Kb4 {White resigns} 0-1

[Event "Team 45 45 League T81"]
[Site "Internet Chess Club"]
[Date "2019.07.05"]
[Round "2"]
[White "cysk"]
[Black "Monterrey"]
[Result "0-1"]
[WhiteElo "1776"]
[BlackElo "1997"]
[Opening "French: Winawer (Nimzovich) variation"]
[ECO "C15"]
[Time "20:21:19"]
[TimeControl "2700+45"]

1. e4 e6 2. d4 d5 3. Nc3 Bb4 4. exd5 exd5 5. Bd3 Nf6 6. Ne2 O-O 7. O-O c6 8. a3
Bd6 9. Bf4 Bg4 10. Qd2 Na6 11. f3 Bh5 12. Ng3 Bg6 13. Bxd6 Qxd6 14. Nf5 Bxf5 15.
Bxf5 Nc7 16. Rfe1 g6 17. Bd3 Ne6 18. Ne2 Rae8 19. Rad1 Nh5 20. c4 dxc4 21. Bxc4
Nf6 22. Nc3 Nc7 23. Ne4 Qd8 24. b4 a6 25. Bb3 Ncd5 26. Nc5 Qc7 27. Rxe8 Rxe8 28.
Re1 Re7 29. Rxe7 Qxe7 30. Kf2 Qc7 31. g3 Qc8 32. Qg5 Kg7 33. Qe5 Kg8 34. Bxd5
Nxd5 35. Qd6 Qh3 36. Qd8+ Kg7 37. Qh4 Qf5 38. Qe4 Qc8 39. Qh4 b6 40. Nd3 Nf6 41.
Qf4 Qe6 42. Qe5 Qa2+ 43. Kg1 Qxa3 44. Qd6 Qxd3 {White resigns} 0-1

[Event "Team 45 45 League T81"]
[Site "Internet Chess Club"]
[Date "2019.07.08"]
[Round "2"]
[White "cayo89"]
[Black "ChessRooklift"]
[Result "1-0"]
[WhiteElo "1675"]
[BlackElo "1700"]
[Opening "Nimzovich-Larsen attack: classical variation"]
[ECO "A01"]
[Time "19:03:55"]
[TimeControl "2700+45"]

1. b3 d5 2. Bb2 Nf6 3. e3 Bf5 4. c4 e6 5. Nf3 c6 6. Be2 Nbd7 7. d3 h6 8. Nbd2
Bd6 9. Rc1 O-O 10. d4 Re8 11. c5 Bc7 12. Ne5 Ne4 13. Nxe4 Bxe4 14. f3 Bh7 15.
Bd3 Bxd3 16. Qxd3 Bxe5 17. dxe5 Qg5 18. Kf2 Nf8 19. h4 Qg6 20. Qd4 Nd7 21. h5
Qh7 22. g4 Rf8 23. Qf4 f6 24. exf6 Nxf6 25. Bxf6 Rxf6 26. Qd4 Raf8 27. f4 Re8
28. Qe5 Qd3 29. Rhd1 Qa6 30. Rc2 Qa5 31. Kg3 Qd8 32. b4 Qd7 33. a4 Rf7 34. Rb2
Qd8 35. Rdd2 Ref8 36. Rdc2 Qf6 37. Qxf6 gxf6 38. b5 Rg7 39. bxc6 bxc6 40. Kf3
Kh8 41. a5 Rfg8 42. Rg2 Rd8 43. a6 e5 44. Rb4 e4+ 45. Kf2 Rdg8 46. g5 fxg5 47.
fxg5 Rf8+ 48. Ke2 hxg5 49. Rb7 Rxb7 50. axb7 Rb8 51. Rxg5 Rxb7 52. Rg6 Rb2+ 53.
Kd1 Rh2 54. h6 a5 55. Rxc6 a4 56. Ra6 Kh7 57. Rxa4 Kxh6 58. Rd4 Kg5 59. Rxd5+
Kg4 60. c6 Rh6 61. Rc5 Rh1+ 62. Kd2 Rh2+ 63. Kc3 Rh1 64. c7 Rc1+ 65. Kd4 Rxc5
66. Kxc5 Kf3 67. Kd4 {Black resigns} 1-0

[Event "Team 45 45 League T81"]
[Site "Internet Chess Club"]
[Date "2019.07.07"]
[Round "2"]
[White "Goli"]
[Black "cpic2363"]
[Result "1/2-1/2"]
[WhiteElo "1668"]
[BlackElo "1482"]
[Opening "Scandinavian (center counter) defense"]
[ECO "B01"]
[Time "15:07:03"]
[TimeControl "2700+45"]

1. e4 d5 2. exd5 Qxd5 3. Nc3 Qa5 4. g3 c6 5. Bg2 Nf6 6. Nge2 Bf5 7. b4 Qc7 8.
O-O e6 9. a3 Bd6 10. d3 Nbd7 11. h3 O-O 12. f4 Rfe8 13. g4 Bg6 14. Ne4 h6 15.
Nxd6 Qxd6 16. Bb2 Rad8 17. Qe1 Nd5 18. Qf2 c5 19. bxc5 Qxc5 20. Nd4 N7f6 21. g5
Nh5 22. gxh6 Ndxf4 23. hxg7 e5 24. Nb3 Qxf2+ 25. Rxf2 Nxg2 26. Kxg2 b6 27. Re1
f6 28. Nd2 Nf4+ 29. Kh2 Bxd3 30. Ne4 Bxe4 31. Rxe4 Kxg7 32. Ra4 Rd7 33. Re4 Rh8
34. Re3 Kg6 35. Bc1 Rdh7 36. Rg3+ Kf5 37. Bxf4 exf4 38. Rgf3 Rh4 39. Re2 {Game
drawn by mutual agreement} 1/2-1/2

[Event "Team 45 45 League T81"]
[Site "Internet Chess Club"]
[Date "2019.07.06"]
[Round "2"]
[White "g8wrb"]
[Black "Egmont"]
[Result "0-1"]
[WhiteElo "1352"]
[BlackElo "1619"]
[Opening "French: Tarrasch, open variation"]
[ECO "C07"]
[Time "10:04:35"]
[TimeControl "2700+45"]

1. e4 e6 2. d4 d5 3. Nd2 c5 4. c3 Nc6 5. Ngf3 Nf6 6. e5 Nd7 7. Bd3 Qb6 8. Qb3 c4
9. Qxb6 axb6 10. Bc2 b5 11. O-O b4 12. Re1 bxc3 13. bxc3 b5 14. Nf1 b4 15. Bd2
bxc3 16. Bxc3 Bb4 17. Re3 Ra3 18. Bxb4 Rxe3 19. Nxe3 Nxb4 20. a3 Nxc2 21. Nxc2
Nb8 22. Nb4 Kd7 23. Rc1 Bb7 24. Kf1 h6 25. Ke2 Bc6 26. Rc3 Ba4 27. Nd2 Ke7 28.
f4 g6 29. g4 h5 30. g5 Nd7 31. Na6 Ra8 32. Nb4 Nb6 33. Ke3 Kd7 34. Nb1 Nc8 35.
Kd2 Ne7 36. Ke3 Nf5+ 37. Kd2 Nxd4 38. Ke3 Nb5 39. Rc1 Bb3 40. Nc2 Bxc2 41. Rxc2
Kc6 42. Ra2 Ra4 43. Kd2 Kc5 44. Nc3 Rxa3 45. Rxa3 Nxa3 46. Na4+ Kd4 47. Nc3 Kc5
48. Na4+ Kb4 49. Nc3 d4 50. Ne4 c3+ 51. Kd3 c2 52. Kd2 Kb3 53. Nf2 Nc4+ 54. Kc1
Ne3 55. Nd3 Kc3 56. Nf2 d3 57. Nxd3 Kxd3 58. h4 Ke4 {White resigns} 0-1

[Event "Team 45 45 League T81"]
[Site "Internet Chess Club"]
[Date "2019.07.04"]
[Round "2"]
[White "Zebbile"]
[Black "Monterrey"]
[Result "1/2-1/2"]
[WhiteElo "1718"]
[BlackElo "1990"]
[Opening "King's Indian: London system"]
[ECO "A48"]
[Time "21:30:24"]
[TimeControl "2700+45"]

1. Nf3 Nf6 2. d4 g6 3. Bf4 Bg7 4. e3 d6 5. h3 O-O 6. Be2 Nc6 7. O-O e5 8. dxe5
Ne4 9. Bh2 dxe5 10. Qxd8 Rxd8 11. Bb5 f6 12. Na3 Be6 13. Rad1 Nd6 14. Bxc6 bxc6
15. b3 Ne4 16. Nb1 Bf8 17. Nfd2 Nd6 18. c4 Bf5 19. Nc3 Bd3 20. Rfe1 Nb7 21. Ndb1
a5 22. Rc1 Nc5 23. Red1 Bf5 24. g4 Be6 25. Rxd8 Rxd8 26. Rd1 Rxd1+ 27. Nxd1 Nd3
28. Ndc3 Kf7 29. Kf1 h5 30. Ke2 Nc5 31. f3 hxg4 32. hxg4 Bg7 33. Nd2 f5 34. gxf5
gxf5 35. e4 f4 36. Bg1 Bf8 37. Nd1 Na6 38. Nc3 Nb4 39. Ndb1 Ke8 40. Bf2 Be7 41.
Kd2 Bh3 42. a3 Na6 43. Na4 Bf1 44. c5 Kd7 45. Nbc3 Kc8 46. Ke1 Bb5 47. Kd2 Kb7
48. Kc2 Nb8 49. Kd2 Nd7 50. Ke1 Bd3 51. Nb2 Ba6 52. Nca4 Bb5 53. Kd2 Ka6 54. Nd3
Kb7 55. Nab2 Bf6 56. Kc3 Nf8 57. a4 Ba6 58. Nc4 Bxc4 59. Kxc4 Ne6 60. Be1 Nd4
61. Bxa5 Nxf3 62. Bc3 Ng5 63. Nxf4 Nxe4 64. Nh5 Be7 65. b4 Nxc3 66. Kxc3 Bh4 67.
Ng7 Be1+ 68. Kc4 e4 69. Ne6 Bd2 70. Nd4 e3 71. b5 cxb5+ 72. axb5 c6 73. bxc6+
Kc7 74. Kd5 Bb4 75. Kc4 Bd2 76. Kb5 Bc3 77. Ne6+ Kc8 78. Nf4 Be5 79. Ne2 Kc7 80.
Nc1 Bb2 81. Ne2 Be5 82. Ng1 Bh2 83. Ne2 Be5 {Game drawn by repetition} 1/2-1/2

[Event "Team 45 45 League T81"]
[Site "Internet Chess Club"]
[Date "2019.07.06"]
[Round "2"]
[White "laurenpar"]
[Black "achessman"]
[Result "1/2-1/2"]
[WhiteElo "1895"]
[BlackElo "1891"]
[Opening "Queen's pawn game"]
[ECO "D02"]
[Time "22:01:51"]
[TimeControl "2700+45"]

1. d4 d5 2. Nf3 c6 3. e3 Bf5 4. c4 e6 5. Nc3 Nd7 6. Be2 h6 7. O-O Bd6 8. a4 Ngf6
9. a5 O-O 10. Qa4 Rc8 11. c5 Be7 12. a6 b6 13. b4 Qc7 14. Bd2 b5 15. Nxb5 cxb5
16. Bxb5 Rfd8 17. Rfc1 Ne4 18. Be1 Bf6 19. Bf1 Qb8 20. b5 Nexc5 21. dxc5 Bxa1
22. Qxa1 Rxc5 23. Nd4 Re8 24. Nc6 Rxc1 25. Qxc1 Qa8 {Game drawn by mutual
agreement} 1/2-1/2

[Event "Team 45 45 League T81"]
[Site "Internet Chess Club"]
[Date "2019.07.06"]
[Round "2"]
[White "cadmiumorange"]
[Black "Beddathanme"]
[Result "1-0"]
[WhiteElo "1879"]
[BlackElo "1728"]
[Opening "French: King's Indian attack"]
[ECO "C00"]
[Time "14:01:21"]
[TimeControl "2700+45"]

1. e4 e6 2. d3 d5 3. Nd2 c5 4. Ngf3 Nc6 5. g3 Nf6 6. Bg2 Be7 7. O-O b5 8. Re1
O-O 9. e5 Nd7 10. Nf1 a5 11. h4 Ba6 12. Bf4 b4 13. Ne3 a4 14. a3 Bb5 15. h5 Rc8
16. Ng4 Nd4 17. axb4 Nxf3+ 18. Qxf3 cxb4 19. h6 g6 20. Rac1 Qb6 21. Be3 d4 22.
Bd2 Bc6 23. Qf4 Bxg2 24. Kxg2 Qb7+ 25. Qe4 Qxe4+ 26. Rxe4 Bc5 27. Bg5 a3 28.
bxa3 bxa3 29. Ra1 Ra8 30. Bd2 Rfb8 31. Ree1 Rb2 32. Reb1 Rxc2 33. Rb7 Nxe5 34.
Nf6+ Kh8 35. Bf4 Bd6 36. Ne4 f5 37. Nxd6 Nxd3 38. Bg5 Nxf2 39. Bf6+ Kg8 40. Rg7+
Kf8 41. Be7# {Black checkmated} 1-0

[Event "Team 45 45 League T81"]
[Site "Internet Chess Club"]
[Date "2019.07.06"]
[Round "2"]
[White "bobhill"]
[Black "backrankbrawler"]
[Result "1-0"]
[WhiteElo "1800"]
[BlackElo "1740"]
[Opening "Queen's pawn: Torre attack"]
[ECO "A46"]
[Time "22:01:26"]
[TimeControl "2700+45"]

1. d4 Nf6 2. Nf3 e6 3. Bg5 d5 4. e3 Nbd7 5. Bd3 h6 6. Bh4 c5 7. c3 Qc7 8. Nbd2
Bd6 9. O-O O-O 10. Rc1 e5 11. dxe5 Nxe5 12. Nxe5 Bxe5 13. Nf3 Bg4 14. h3 Bh5 15.
g4 Bg6 16. Bxf6 Bxf6 17. Bxg6 fxg6 18. Qxd5+ Kh7 19. Rcd1 Rad8 20. Qe4 Rde8 21.
Qa4 Qb6 22. Rd2 Rd8 23. Rxd8 Bxd8 24. Ne5 Qxb2 25. Qe4 Rf6 26. Nd7 Rf7 27. Qe8
Rxd7 28. Qxd7 Bh4 29. Qf7 a6 30. Qb3 Qd2 31. c4 Qe2 32. Qxb7 Qxa2 33. Qf7 a5 34.
Rd1 a4 35. Rd7 Qb2 36. Ra7 a3 37. Ra8 Qb1+ 38. Kh2 g5 39. Qg8+ Kg6 40. Ra6+
{Black resigns} 1-0

[Event "Team 45 45 League T81"]
[Site "Internet Chess Club"]
[Date "2019.07.07"]
[Round "2"]
[White "ben622"]
[Black "santiagoelawad"]
[Result "1/2-1/2"]
[WhiteElo "1954"]
[BlackElo "1916"]
[Opening "Caro-Kann: Steinitz variation"]
[ECO "B17"]
[Time "20:24:07"]
[TimeControl "2700+45"]

1. e4 c6 2. d4 d5 3. Nd2 dxe4 4. Nxe4 Nd7 5. Ng5 Ngf6 6. Bd3 e6 7. N1f3 Bd6 8.
Qe2 h6 9. Ne4 Nxe4 10. Qxe4 Qc7 11. Bd2 b6 12. O-O-O Bb7 13. Qe2 c5 14. Bb5
O-O-O 15. Ba6 Bxa6 16. Qxa6+ Qb7 17. Qc4 Kb8 18. dxc5 Nxc5 19. Bf4 Bxf4+ 20.
Qxf4+ Qc7 21. Ne5 Rxd1+ 22. Rxd1 f6 23. Nc6+ Kb7 24. Qxc7+ Kxc7 25. Nxa7 e5 26.
Nb5+ Kc6 27. Nc3 Ra8 28. a3 Ne6 29. Ne4 Nf4 30. g3 Ne2+ 31. Kd2 Nd4 32. c3 Nf3+
33. Ke3 Ng5 34. Nxg5 hxg5 35. f4 exf4+ 36. gxf4 Re8+ 37. Kf3 gxf4 38. Kxf4 Re2
39. h4 Rxb2 40. Rg1 Rh2 41. Rxg7 Rxh4+ 42. Ke3 Kd5 43. Rb7 Rh3+ 44. Kd2 Kc5 45.
Rf7 Rf3 46. Ke2 Rxc3 47. Rxf6 Rxa3 48. Kd2 b5 49. Kc2 Kb4 50. Rf4+ Ka5 51. Kb2
Rg3 52. Rh4 b4 53. Rh8 Rg2+ 54. Kb3 Rg3+ 55. Kb2 Ka4 56. Ra8+ Kb5 57. Rb8+ Kc5
58. Rc8+ Kd4 59. Rd8+ Kc4 60. Rc8+ Kd5 61. Rd8+ Kc4 62. Rc8+ {Game drawn by
mutual agreement} 1/2-1/2

[Event "Team 45 45 League T81"]
[Site "Internet Chess Club"]
[Date "2019.07.06"]
[Round "2"]
[White "jjmolina"]
[Black "ArturitoGalacti"]
[Result "1-0"]
[WhiteElo "1696"]
[BlackElo "1904"]
[Opening "Caro-Kann: advance variation"]
[ECO "B12"]
[Time "15:08:55"]
[TimeControl "2700+45"]

1. e4 c6 2. d4 d5 3. e5 Bf5 4. Nf3 e6 5. Bd3 Ne7 6. O-O h6 7. Nc3 Nd7 8. Ne2 g5
9. c3 c5 10. Be3 c4 11. Bc2 Bg7 12. Ng3 Bg6 13. Bxg6 Nxg6 14. Nh5 O-O 15. Qd2 f6
16. Qc2 Qe8 17. Nxg7 Kxg7 18. exf6+ Rxf6 19. Ne5 Ndxe5 20. dxe5 Rf5 21. f4 gxf4
22. Bd4 b6 23. Rf3 Qd7 24. Qxf5 {Black resigns} 1-0

[Event "Team 45 45 League T81"]
[Site "Internet Chess Club"]
[Date "2019.07.05"]
[Round "2"]
[White "Ajolote"]
[Black "primerpaso"]
[Result "1-0"]
[WhiteElo "1913"]
[BlackElo "1717"]
[Opening "Sicilian: closed"]
[ECO "B24"]
[Time "12:06:50"]
[TimeControl "2700+45"]

1. e4 c5 2. Nc3 Nc6 3. g3 g6 4. Bg2 Bg7 5. d3 e6 6. Nf3 Nge7 7. Be3 Nd4 8. Qd2
O-O 9. O-O d5 10. Bh6 Nxf3+ 11. Bxf3 b6 12. exd5 exd5 13. Rfe1 Bb7 14. Bxg7 Kxg7
15. Qf4 f6 16. Nb5 Rc8 17. Nxa7 Rc7 18. Nb5 Rd7 19. b4 Ba6 20. a4 Nc6 21. bxc5
bxc5 22. c3 Qa5 23. Nd6 Qc7 24. Ne8+ Rxe8 25. Rxe8 Qxf4 26. gxf4 Bxd3 27. Rc8
Na5 28. Rd1 c4 29. Rc5 Nb3 30. Rxd5 Ra7 31. a5 Rxa5 32. Rxa5 Nxa5 33. Bd5 h5 34.
f3 g5 35. fxg5 fxg5 36. Be4 Bxe4 37. fxe4 Kf6 38. Rd5 Nb3 39. Kf2 Nc1 40. Ke3
Nd3 41. Kd4 Nf2 42. Rf5+ {Black resigns} 1-0

[Event "Team 45 45 League T81"]
[Site "Internet Chess Club"]
[Date "2019.07.04"]
[Round "2"]
[White "QuieroAprender"]
[Black "nealbruce"]
[Result "1-0"]
[WhiteElo "1673"]
[BlackElo "1681"]
[Opening "Nimzovich-Larsen attack: modern variation"]
[ECO "A01"]
[Time "20:31:03"]
[TimeControl "2700+45"]

1. b3 e5 2. Bb2 Nc6 3. e3 d5 4. Bb5 Bd6 5. Ne2 Nf6 6. d4 e4 7. Nd2 O-O 8. Bxc6
bxc6 9. c4 dxc4 10. bxc4 Rb8 11. Qc2 Bb4 12. O-O Re8 13. a3 Bxd2 14. Qxd2 Qe7
15. c5 Ba6 16. Rfb1 Bxe2 17. Qxe2 Nd5 18. Qa6 Qe6 19. Bc1 Rxb1 20. Rxb1 Nc3 21.
Rb2 Nd1 22. Rd2 Nc3 23. h3 f5 24. Rb2 Nd5 25. Qxa7 g5 26. Rb8 f4 27. Qa8 Rxb8
28. Qxb8+ Kg7 29. Qd8 h6 30. a4 Nc3 31. Qxc7+ Kg6 32. Qd6 Qxd6 33. cxd6 Kf7 34.
a5 fxe3 35. fxe3 Ke6 36. Ba3 Nb5 37. a6 Kd7 38. Bc5 Kc8 39. a7 Kb7 40. d7 {Black
resigns} 1-0

[Event "Team 45 45 League T81"]
[Site "Internet Chess Club"]
[Date "2019.07.07"]
[Round "2"]
[White "fledermaus"]
[Black "gnat"]
[Result "1/2-1/2"]
[WhiteElo "1920"]
[BlackElo "1982"]
[Opening "Queen's pawn game"]
[ECO "D02"]
[Time "10:31:22"]
[TimeControl "2700+45"]

1. Nf3 d5 2. d4 Bg4 3. c4 Bxf3 4. gxf3 c6 5. Qb3 Qb6 6. Qxb6 axb6 7. cxd5 cxd5
8. Nc3 e6 9. e3 Nc6 10. Bd2 Nf6 11. Bb5 Bd6 12. f4 O-O 13. Ke2 Rfc8 14. Rhc1 Be7
15. Na4 Bd8 16. b3 Ne4 17. Bd3 Nd6 18. Nc3 Nb4 19. a4 Nxd3 20. Kxd3 Be7 21. Na2
Ne4 22. Be1 Ba3 23. Rxc8+ Rxc8 24. f3 Nd6 25. Bb4 Bxb4 26. Nxb4 f5 27. Kd2 Kf7
28. Nd3 Ke7 29. Rg1 g6 30. h4 Rg8 31. h5 Nf7 32. hxg6 Rxg6 33. Rxg6 hxg6 34. Kc3
Kd6 35. Kb4 {Game drawn by mutual agreement} 1/2-1/2

[Event "Team 45 45 League T81"]
[Site "Internet Chess Club"]
[Date "2019.07.13"]
[Round "2"]
[White "Nezmetdinov"]
[Black "LookImYourVader"]
[Result "1-0"]
[WhiteElo "1905"]
[BlackElo "1827"]
[Opening "QGA, Bogolyubov variation"]
[ECO "D24"]
[Time "11:16:23"]
[TimeControl "2700+45"]

1. d4 d5 2. Nf3 Nf6 3. c4 dxc4 4. Nc3 a6 5. e4 b5 6. e5 Nd5 7. a4 Bb7 8. e6 fxe6
9. Be2 Nxc3 10. bxc3 Nd7 11. O-O e5 12. Ng5 Nf6 13. Re1 exd4 14. Ne6 Qd6 15. Ba3
Qxe6 16. Bh5+ Qf7 17. Bxf7+ Kxf7 18. Qxd4 e6 19. Qe5 Bd5 20. Qxc7+ Kg8 21. Bxf8
Rxf8 22. axb5 axb5 23. Ra7 Ne8 24. Qe7 h6 25. Rb1 Kh7 26. Rxb5 Rhg8 27. h4 Nf6
28. f3 Re8 29. Qxf6 {Black resigns} 1-0

[Event "Team 45 45 League T81"]
[Site "Internet Chess Club"]
[Date "2019.07.05"]
[Round "2"]
[White "jonesey"]
[Black "wildkingdumb6"]
[Result "1-0"]
[WhiteElo "1818"]
[BlackElo "1505"]
[Opening "Sicilian defense"]
[ECO "B20"]
[Time "21:00:49"]
[TimeControl "2700+45"]

1. e4 c5 2. c4 e6 3. g3 d5 4. exd5 exd5 5. Bg2 Nf6 6. cxd5 Nxd5 7. Ne2 Nc6 8.
O-O Be7 9. d4 Be6 10. dxc5 Bxc5 11. Nbc3 Nxc3 12. Nxc3 O-O 13. Qh5 f5 14. Bg5
Qe8 15. Qh4 Qf7 16. Rfe1 Rfe8 17. Rxe6 Rxe6 18. Bd5 Nb4 19. Bb3 h6 20. Qc4 hxg5
21. Qxe6 Qxe6 22. Bxe6+ Kf8 23. Bxf5 Rd8 24. a3 Na6 25. Rd1 Rxd1+ 26. Nxd1 Bd4
27. Bc8 Nc5 28. b4 Nd3 29. Bxb7 Ke7 30. Kf1 Kd6 31. Ke2 Ne5 32. h3 Nd7 33. Kd3
Bf6 34. Ke4 Ne5 35. Ne3 Nd7 36. Bd5 Bb2 37. Nc4+ {Black resigns} 1-0

[Event "Team 45 45 League T81"]
[Site "Internet Chess Club"]
[Date "2019.07.08"]
[Round "2"]
[White "PJ"]
[Black "Invicta-Knight"]
[Result "0-1"]
[WhiteElo "1570"]
[BlackElo "1502"]
[Opening "Scandinavian: Pytel-Wade variation"]
[ECO "B01"]
[Time "14:09:30"]
[TimeControl "2700+45"]

1. e4 d5 2. exd5 Qxd5 3. Nc3 Qd6 4. d4 g6 5. Nf3 Nh6 6. Be3 Nf5 7. Bd3 Bg7 8.
Bxf5 Bxf5 9. O-O Nc6 10. Nb5 Qd7 11. c3 a6 12. Na3 O-O-O 13. b4 Na7 14. Rc1 Bg4
15. h3 Bf5 16. c4 Nc6 17. Qa4 Nxd4 18. Qxd7+ Rxd7 19. Nxd4 Bxd4 20. Bxd4 Rxd4
21. Rfe1 Re4 22. Rxe4 Bxe4 23. Rd1 Rd8 24. Rxd8+ Kxd8 25. Kf1 f5 26. Ke2 Bxg2
27. h4 h6 28. Nc2 e5 29. f3 g5 30. hxg5 hxg5 31. Kf2 Bh3 32. Ne3 f4 33. Nd1 Bf5
34. c5 e4 35. fxe4 Bxe4 36. Nc3 Bc6 37. Ne2 Ke7 {White resigns} 0-1

[Event "Team 45 45 League T81"]
[Site "Internet Chess Club"]
[Date "2019.07.04"]
[Round "2"]
[White "RD1974"]
[Black "justice02"]
[Result "1-0"]
[WhiteElo "1569"]
[BlackElo "1615"]
[Opening "Queen's pawn game"]
[ECO "D02"]
[Time "10:01:22"]
[TimeControl "2700+45"]

1. d4 d5 2. Nf3 c6 3. Bg5 Nd7 4. e3 Ngf6 5. Bd3 a6 6. Nbd2 h6 7. Bxf6 Nxf6 8.
O-O e6 9. Ne5 Be7 10. f4 c5 11. c3 Bd7 12. Rf3 Rc8 13. Rg3 O-O 14. Ng4 Kh8 15.
Rh3 Rg8 16. Ne5 Qe8 17. g4 Bb5 18. Bc2 cxd4 19. exd4 Nd7 20. Ndf3 Bd6 21. Qd2
Bxe5 22. fxe5 Qf8 23. Ng5 g6 24. Rxh6+ Qxh6 25. Nxf7+ Kg7 26. Nxh6 Rh8 27. g5
Rcf8 28. a4 Bc6 29. Qd3 {Black resigns} 1-0

[Event "Team 45 45 League T81"]
[Site "Internet Chess Club"]
[Date "2019.07.07"]
[Round "2"]
[White "MathBandit"]
[Black "scostanzo212"]
[Result "1-0"]
[WhiteElo "1673"]
[BlackElo "1559"]
[Opening "Sicilian: Smith-Morra gambit"]
[ECO "B21"]
[Time "18:10:54"]
[TimeControl "2700+45"]

1. e4 c5 2. d4 cxd4 3. c3 d5 4. Qxd4 dxe4 5. Qxe4 Nf6 6. Qc2 Nc6 7. Nf3 e6 8.
Bg5 Be7 9. Nbd2 a6 10. Be2 O-O 11. O-O b5 12. Rad1 Qc7 13. Rfe1 Bb7 14. Bd3 h6
15. Bh4 Rad8 16. Ne4 Nxe4 17. Bxe7 Nxe7 18. Bxe4 Nd5 19. Ne5 Nf6 20. Bxb7 Qxb7
21. c4 bxc4 22. Nxc4 Nd5 23. h3 Rd7 24. Rd2 Rc8 25. Qe4 Qb4 26. Rd4 Nf6 27. Nd6
Rxd6 28. Rxb4 Nxe4 29. Rexe4 Rd1+ 30. Kh2 Rd2 31. Kg3 Rc5 32. Red4 Rxd4 33. Rxd4
Rc2 34. Rb4 Kf8 35. Rb7 Rd2 36. f3 Ke8 37. a3 a5 38. b3 Rb2 39. b4 axb4 40. Rxb4
Ra2 41. Rb3 Ke7 42. h4 Kf6 43. f4 Kg6 44. Kf3 Ra1 45. g3 Ra2 46. Ke4 Kf6 47. Kd4
g5 48. fxg5+ hxg5 49. h5 Rh2 50. a4 Rxh5 51. a5 Rh8 52. a6 Ra8 53. Ra3 Kf5 54.
a7 Kg4 55. Kc5 Rxa7 56. Rxa7 Kxg3 57. Rxf7 g4 58. Kd6 Kg2 59. Ke5 g3 60. Kf4 e5+
61. Kg4 e4 62. Kf4 e3 63. Kxe3 Kg1 64. Kf3 g2 65. Rg7 Kh1 66. Kf2 g1=Q+ 67.
Rxg1+ Kh2 68. Rg3 Kh1 69. Rh3# {Black checkmated} 1-0

[Event "Team 45 45 League T81"]
[Site "Internet Chess Club"]
[Date "2019.07.04"]
[Round "2"]
[White "noblitz-oblige"]
[Black "Chess4Him"]
[Result "1-0"]
[WhiteElo "1516"]
[BlackElo "1515"]
[Opening "Robatsch defense: two knights variation"]
[ECO "B06"]
[Time "20:30:59"]
[TimeControl "2700+45"]

1. e4 g6 2. d4 Bg7 3. Nf3 d6 4. Nc3 a6 5. h3 b5 6. a3 Bb7 7. Be2 Nd7 8. O-O c5
9. Be3 cxd4 10. Nxd4 Ngf6 11. f3 Nh5 12. Qe1 e5 13. Nb3 Nf4 14. Qd2 Qf6 15. Na5
Rb8 16. Ba7 Qg5 17. Kf2 Nxh3+ 18. Ke1 Qg3+ 19. Kd1 Qxg2 20. Bxb8 Nf2+ 21. Kc1
Bxe4 22. Nxe4 Nxe4 23. fxe4 Nxb8 24. Bxb5+ axb5 25. Qxg2 O-O 26. Qe2 Nd7 27.
Qxb5 Nc5 28. Qc4 Bh6+ 29. Kb1 Bf4 30. Nc6 Kg7 31. Ka2 Ne6 32. Qc3 h5 33. Nxe5
Bxe5 34. Qd2 Rb8 35. c3 Nc5 36. Qd5 Rb7 37. b4 Bxc3 38. Rac1 Bxb4 39. Rxc5 Ra7
40. Qd4+ Kh6 41. Rxh5+ Kxh5 42. Qxa7 Bc3 43. Qxf7 Be5 44. Rg1 Kh4 45. Qh7#
{Black checkmated} 1-0